 Dungeon Crawl Stone Soup version 0.23.2 (webtiles) character file.

Game seed: 7273462705677529636

3173 lysyklops the Protected (level 9, -3/82 HPs)
             Began as a Minotaur Fighter on Apr 6, 2019.
             Was a Believer of Okawaru.
             Killed from afar by an electric eel (12 damage)
             ... with a bolt of electricity
             ... on level 7 of the Dungeon.
             The game lasted 00:11:19 (6149 turns).

lysyklops the Protected (Minotaur Fighter)          Turns: 6149, Time: 00:11:19

Health: -3/82      AC: 24    Str: 23    XL:     9   Next: 63%
Magic:  9/9        EV:  7    Int:  5    God:    Okawaru [**....]
Gold:   399        SH: 11    Dex: 11    Spells: 8/8 levels left

rFire    + . .     SeeInvis .   t - +1 flail (protect)
rCold    . . .     Gourm    .   c - +0 shield
rNeg     . . .     Faith    .   G - +3 chain mail {rF+}
rPois    .         Spirit   .   (helmet restricted)
rElec    .         Reflect  .   (no cloak)
rCorr    .         Harm     .   s - +0 pair of gloves
MR       .....                  g - +0 pair of boots
Stlth    ..........             (no amulet)
HPRegen  0.23/turn              (no ring)
MPRegen  0.11/turn              (no ring)

@: protection aura
A: retaliatory headbutt, horns 2
a: Heroism, Renounce Religion


You were on level 7 of the Dungeon.
You worshipped Okawaru.
Okawaru was pleased with you.
You were hungry.

You visited 2 branches of the dungeon, and saw 8 of its levels.

You collected 399 gold pieces.

Inventory:

Hand Weapons
 b - a +3 mace
 t - a +1 flail of protection (weapon)
Armour
 c - a +0 shield (worn)
 g - a +0 pair of boots (worn)
 s - a +0 pair of gloves (worn)
 G - a +3 chain mail of fire resistance (worn)
 H - a +4 chain mail
Jewellery
 e - an uncursed ring of positive energy {unknown}
 n - an uncursed ring of fire {unknown}
 r - an uncursed ring of protection from magic {unknown}
 v - an uncursed amulet of magic regeneration {unknown}
 w - an uncursed ring of ice
 y - a +5 ring of dexterity {unknown}
 A - an uncursed ring of ice
 I - an uncursed amulet of regeneration {unknown}
Wands
 u - a wand of acid (5)
 K - a wand of polymorph (8)
Scrolls
 a - 4 scrolls of remove curse {unknown}
 i - 2 scrolls of immolation {unknown}
 j - 13 scrolls of identify {unknown}
 k - 3 scrolls of teleportation {unknown}
 l - 3 scrolls of enchant weapon {unknown}
 o - 2 scrolls of amnesia {unknown}
 q - a scroll of magic mapping {unknown}
 x - a scroll of blinking {unknown}
 D - a scroll of fear {unknown}
 E - a scroll of enchant armour {unknown}
 F - a scroll of noise {unknown}
Potions
 d - 3 potions of might
 h - 2 potions of heal wounds {unknown}
 m - 2 potions of curing {unknown}
 p - 2 potions of degeneration {unknown}
 z - 2 potions of brilliance {unknown}
 B - a potion of flight {unknown}
 C - a potion of mutation {unknown}
 L - a potion of ambrosia {unknown}
Comestibles
 f - 17 rations


   Skills:
 + Level 8.8 Fighting
 + Level 8.3 Maces & Flails
 + Level 8.9 Armour
 + Level 8.7 Shields
 + Level 2.2 Invocations


You had 8 spell levels left.
You didn't know any spells.
Your spell library contained the following spells:

 Spells                   Type           Power        Failure   Level  Hunger
 Beastly Appendage        Tmut           #.....       100%        1    ##.....
 Sticks to Snakes         Tmut           #.......     100%        2    ###....
 Spider Form              Tmut/Pois      #.........   100%        3    ####...
 Ice Form                 Ice/Tmut       #.......     100%        4    #####..
 Blade Hands              Tmut           #.........   100%        5    ######.


Dungeon Overview and Level Annotations

Branches:
Dungeon (7/15)             Temple (1/1) D:6

Altars:
Ashenzari
Cheibriados
Dithmenos
Elyvilon
Fedhas
Gozag
Hepliaklqana
Kikubaaqudgha
Makhleb
Nemelex Xobeh
Okawaru
Qazlal
Ru
Sif Muna
Trog
Uskayaw
Wu Jian
Xom
Yredelemnul
Zin
The Shining One


Innate Abilities, Weirdness & Mutations

You reflexively headbutt those who attack you in melee.
You have a pair of horns on your head.


Message History

You thump the electric eel!
The electric eel is severely wounded.
The electric eel shoots out a bolt of lightning at you!
The bolt of electricity hits you but does no damage.
The bolt of electricity hits you!
* * * LOW HITPOINT WARNING * * *
The electric eel shoots out a bolt of lightning at you!
The bolt of electricity misses the electric eel.
The bolt of electricity hits you but does no damage.
The electric eel shoots out a bolt of lightning at you!
The bolt of electricity hits you!
* * * LOW HITPOINT WARNING * * *
You hit the electric eel.
You kill the electric eel!
Okawaru accepts your kill.
You hear a splash.
You barely miss the electric eel. Your headbutt misses the electric eel.
The electric eel shoots out a bolt of lightning at you!
The bolt of electricity hits you!
You die...

##...##....###(.##≈≈..'..# ##.
##..........######≈#####.## ##
#..........##...)≈##≈≈≈### #
#.........##≈######≈;.≈≈# #
#.........#≈##≈≈≈##"(;?!# ##.###
##........#≈#≈≈$≈≈#..;P≈#.....>.
##...#...#≈#;..?.#P...P####...#
######..#≈#[;.P≈#.....# ###.#
##.#.#PP@P≈#.....# ...
#.#.#.....##..+### ###.
#.#.#.....#####..# ##
###.#.##..'##≈≈≈..## #
##...##.####..)#####
##.....##≈≈...####
#.......#######<.#
#....[...........#
#................#


You could see 2 electric eels.

Vanquished Creatures
  A two-headed ogre (D:7)
  A wyvern (D:5)
  2 ice beasts
  A black bear (D:6)
  2 orc warriors
  3 ogres
  3 centaurs
  A bullfrog (D:6)
  A water moccasin zombie (D:6)
  A scorpion (D:4)
  4 wights (D:6)
  An electric eel (D:7)
  5 crimson imps
  2 hounds (D:7)
  A bullfrog skeleton (D:4)
  4 orc priests
  Terence (D:2)
  Jessica (D:3)
  An iguana (D:6)
  4 orc wizards
  6 worker ants
  A hound zombie (D:6)
  A hound skeleton (D:5)
  Robin (D:3)
  10 adders
  3 gnolls (D:7)
  4 shadow imps
  3 oozes
  An adder skeleton (D:6)
  2 adder zombies
  A worm (D:5)
  3 dart slugs
  10 leopard geckos
  21 orcs
  2 ball pythons
  12 bats
  5 giant cockroaches
  17 goblins
  12 hobgoblins
  6 jackals
  6 quokkas
  8 frilled lizards
  8 kobolds
  8 rats
191 creatures vanquished.

Notes
Turn   | Place    | Note
-------+----------+-------------------------------------------
     0 | D:1      | lysyklops the Minotaur Fighter began the quest for the Orb.
     0 | D:1      | Reached XP level 1. HP: 19/19 MP: 0/0
   151 | D:1      | Reached XP level 2. HP: 27/27 MP: 1/1
   532 | D:1      | Reached XP level 3. HP: 30/33 MP: 2/2
   713 | D:2      | Noticed Terence
   736 | D:2      | Killed Terence
   736 | D:2      | Reached XP level 4. HP: 25/41 MP: 3/3
  1783 | D:3      | Reached XP level 5. HP: 33/47 MP: 4/4
  2071 | D:3      | Noticed Jessica
  2077 | D:3      | Killed Jessica
  2080 | D:3      | Reached skill level 5 in Armour
  2218 | D:3      | Reached skill level 5 in Fighting
  2352 | D:3      | Noticed Robin
  2363 | D:3      | Killed Robin
  2373 | D:3      | Reached XP level 6. HP: 44/56 MP: 5/5
  2618 | D:4      | Reached skill level 5 in Shields
  2886 | D:4      | Noticed an ice beast
  2893 | D:4      | Killed an ice beast
  2893 | D:4      | Reached skill level 5 in Maces & Flails
  2893 | D:4      | Reached XP level 7. HP: 51/62 MP: 6/6
  3186 | D:5      | Entered Level 5 of the Dungeon
  3219 | D:5      | Found a burning altar of Makhleb.
  3421 | D:5      | Found a hide-covered altar of Uskayaw.
  3549 | D:5      | Found a blossoming altar of Fedhas.
  3931 | D:5      | Noticed a wyvern
  3993 | D:5      | Killed a wyvern
  3993 | D:5      | Reached XP level 8. HP: 51/71 MP: 7/7
  4084 | D:5      | Found a snail-covered altar of Cheibriados.
  4552 | D:6      | Found a staircase to the Ecumenical Temple.
  4561 | Temple   | Entered the Ecumenical Temple
  4777 | Temple   | Became a worshipper of Warmaster Okawaru
  5407 | D:6      | Reached * piety under Okawaru
  5407 | D:6      | Reached XP level 9. HP: 81/81 MP: 8/8
  5521 | D:6      | Found a shimmering altar of Xom.
  5522 | D:6      | Found a shimmering altar of Xom.
  5522 | D:6      | Found a shimmering altar of Xom.
  5525 | D:6      | Found a shimmering altar of Xom.
  5525 | D:6      | Found a shimmering altar of Xom.
  5791 | D:7      | Found a sacrificial altar of Ru.
  5882 | D:7      | Found a sacrificial altar of Ru.
  6114 | D:7      | Noticed a two-headed ogre
  6123 | D:7      | Killed a two-headed ogre
  6123 | D:7      | Reached ** piety under Okawaru
  6149 | D:7      | Killed from afar by an electric eel

Skill      XL: |  1  2  3  4  5  6  7  8  9 |
---------------+----------------------------+-----
Armour         | 4 5 6 8 |  8.9
Fighting       | 4 5 6 8 |  8.8
Maces & Flails | 3 4 5 6 7 8 |  8.3
Shields        | 4 5 6 7 8 |  8.7
Invocations    | 2 |  2.2

Action                   |  1- 3 |  4- 6 |  7- 9 || total
-------------------------+-------+-------+-------++-------
Melee: Flail             |   102 |   178 |   328 ||   608
       Headbutt          |    14 |    23 |    52 ||    89
Invok: Heroism           |       |       |     1 ||     1
  Eat: Chunk             |       |     7 |    10 ||    17
Armor: Scale mail        |    64 |   106 |    60 ||   230
       Chain mail        |       |       |    75 ||    75
Dodge: Dodged            |    45 |    63 |    75 ||   183
Block: Shield            |    73 |    87 |   147 ||   307
